Selects Advanced Infantry Battlegroup
Construct Medical Station
Selects Artillery Observers
Selects Convert to Ranger Squad
Selects Frontline Medical Station
Selects Designate Assault Position
Construct Weapon Support Center
Selects M2A1 105mm Howitzer Emplacement
Selects 155mm Rapid Artillery Barrage
M4(105) Sherman Bulldozer
M1918 Browning Automatic Rifles
Construct Weapon Support Center
Improved M9 Bazooka Rockets
155mm Rapid Artillery Barrage
M18 Hellcat Tank Destroyer
M18 Hellcat Tank Destroyer